 Dungeon Sprint DCSS version 0.29-a0-392-g297d3b089c (webtiles) character file.

Game seed: 317979323277781281

32685 mhtbhm the Shatterer (level 13, -11/93 HPs)
             Began as a Gargoyle Berserker on May 8, 2022.
             Was a High Priest of Trog.
             Killed from afar by a frost giant (40 damage)
             ... with a bolt of cold
             ... in the Dungeon (Sprint II: "The Violet Keep of Menkaure").
             The game lasted 00:13:02 (3613 turns).

mhtbhm the Shatterer (Gargoyle Berserker)           Turns: 3613, Time: 00:13:02

Health: -11/93     AC: 33    Str: 24 (25) XL:     13   Next: 66%
Magic:  13/13      EV: 23    Int: 23      God:    Trog [*****.]
Gold:   1957       SH:  0    Dex: 20      Spells: 12/12 levels left

rFire   + . .      SeeInvis .   a - +8 dire flail (chaos)
rCold   . . .      Faith    +   (shield currently unavailable)
rNeg    + + +      Spirit   .   b - +5 scale mail "Caotseox" {Int+7}
rPois   ∞          Reflect  .   G - +1 hat of Midnight {Regen+ Int+3}
rElec   +          Harm     .   (no cloak)
rCorr   +          Rampage  .   i - +0 pair of gloves "Sujaj" {Dex+5}
Will    .....      NoTele   +   r - +4 pair of boots "Unlair" {rC- rN+++ Regen+ Int+4}
Stlth   +.........              j - amulet of faith
HPRegen 1.85/turn               h - +4 ring of evasion
MPRegen 0.13/turn               q - +6 ring of dexterity

@: resistant, on berserk cooldown, slowed, studying Polearms, very slow
A: sickness immunity, AC +9, negative energy resistance 1, electricity
resistance, torment resistance 1, petrification resistance, deterioration 1,
frail 1
a: Renounce Religion, Berserk, Trog's Hand, Brothers in Arms


You were in the Dungeon.
You worshipped Trog.
Trog was extremely pleased with you.
You visited 1 branch You collected 4201 gold pieces.
You spent 2244 gold pieces at shops.

Inventory:

Hand Weapons
 a - a +8 dire flail of chaos (weapon)
Missiles
 H - 4 javelins (quivered)
Armour
 b - the +5 scale mail "Caotseox" (worn) {Int+7}
   (You bought it in a shop in the Dungeon)

   Int:       It affects your intelligence (+7).
 i - the +0 pair of gloves "Sujaj" (worn) {Dex+5}
   (You bought it in a shop in the Dungeon)

   Dex:       It affects your dexterity (+5).
 o - a +2 hat of willpower
 r - the +4 pair of boots "Unlair" (worn) {rC- rN+++ Regen+ Int+4}
   (You acquired it in the Dungeon)

   Int:       It affects your intelligence (+4).
   rC:        It makes you vulnerable to cold.
   rN:        It renders you almost immune to negative energy.
   Regen:     It increases your rate of health regeneration.
 G - the +1 hat of Midnight (worn) {Regen+ Int+3}
   (You found it in the Dungeon)

   Int:       It affects your intelligence (+3).
   Regen:     It increases your rate of health regeneration.
Jewellery
 h - a +4 ring of evasion (left hand)
 j - an amulet of faith (around neck)
 m - a +6 ring of dexterity
 q - a +6 ring of dexterity (right hand)
 B - a ring of resist corrosion
Wands
 E - a wand of paralysis (6)
Scrolls
 k - a scroll of enchant armour
 t - a scroll of torment
 u - 3 scrolls of immolation
 x - 2 scrolls of fear
 F - 3 scrolls of blinking
 I - a scroll of poison
Potions
 c - 6 potions of curing
 e - 3 potions of haste
 f - 14 potions of magic
 g - 2 potions of berserk rage
 l - 5 potions of flight
 n - a potion of brilliance
 p - 2 potions of ambrosia
 s - 2 potions of degeneration {unknown}
 w - a potion of resistance
 C - 7 potions of mutation {unknown}
Miscellaneous
 z - a phantom mirror
 A - a lightning rod (4/4)
 D - a box of beasts


   Skills:
 + Level 21.3 Fighting
 + Level 21.6 Maces & Flails
 + Level 15.0 Armour
 + Level 13.2 Dodging
 + Level 6.6 Stealth
 + Level 4.8 Evocations


You had 12 spell levels left.
You didn't know any spells.
Your spell library was empty.

Dungeon Overview and Level Annotations

Branches:
Dungeon (1/1)

Altars:
Cheibriados
Dithmenos
Elyvilon
Fedhas
Gozag
Hepliaklqana
Kikubaaqudgha
Makhleb
Nemelex Xobeh
Okawaru
Qazlal
Ru
Sif Muna
Trog
Uskayaw
Vehumet
Wu Jian
Xom
Yredelemnul
Zin
The Shining One
Beogh
Jiyva
Lugonu

Shops:
D ::*(?=::=?!!*[[(?::

Annotations:
D exclusions: oklob plant and orange crystal statue


Innate Abilities, Weirdness & Mutations

You are immune to sickness and miasma.
Your stone body is resilient. (AC +9)
You are immune to poison.
You resist negative energy. (rN+)
You are resistant to electric shocks. (rElec)
You are resistant to unholy torment.
You are immune to petrification.
Your body sometimes deteriorates upon taking damage.
You are frail. (-10% HP)


Message History

The thunderbolt hits the wyvern!!!
You kill the wyvern!
Trog accepts your kill.
The thunderbolt hits the deep elf high priest!!
You kill the deep elf high priest!
Trog accepts your kill.
The thunderbolt hits the cacodemon!
The cacodemon resists.
The cacodemon is almost dead.
The cacodemon gestures at you.
Strange energies course through your body.
You feel frail.
Your lightning rod (3/4) has regained two charges.
Unknown command.
Unknown command.
Unknown command.
Your iron troll goes berserk!
The cacodemon gestures at you.
Strange energies course through your body.
You feel yourself wasting away.
The cacodemon hits you but does no damage. x2
Unknown command.
The cacodemon attacks as you move away! The cacodemon barely misses you.
The cacodemon closely misses you.
Your iron troll bites the cacodemon!
The cacodemon dies!
Trog accepts your kill.
Your lightning rod (4/4) has regained one charge.
Your Armour skill increases to level 15!
You feel protected.
Your iron troll bites the frost giant but does no damage.
Your iron troll claws the frost giant but does no damage.
Your iron troll claws the frost giant!
The frost giant points at you and mumbles some strange words.
The bolt of cold hits you!!
Your body deteriorates!
You feel weakened.
Your iron troll completely misses the frost giant.
Your iron troll claws the frost giant!
Your iron troll claws the frost giant but does no damage.
The frost giant casts a spell at you. The bolt of cold hits you!!!
You die...

*,,,,,,*,,*******,***#.=...
*+******+**,,****+***#....[
*∩∩∩∩∩∩*,,+,**≈≈≈≈≈≈≈##⌠...
*∩∩∩∩∩∩*,,***≈≈≈≈≈≈≈≈≈##...
*****###*,,+≈≈≈≈≈,≈≈≈≈≈##÷'
*,,.##..†####≈≈≈≈≈≈≈≈≈##§§)
*,,...$†)C)≈##≈≈≈≈≈≈≈*#)≈..
############C≈#+++#+++*####.
###########@≈T........,#.('.
##∩.∩.....#≈≈≈≈.##+#*..#..##
##.∩.∩....#≈≈≈≈##,*,##.####.
##..∩.∩...#≈≈≈≈#.###.#,...#[
##...∩.∩..#≈≈####.#.####..##
##.....[⌠.#≈##.###'###.##..#
##...∩.∩..#≈#...##.##..##..#
##..∩.∩...'≈'##.÷.<.'##.'..#
##.∩.∩....#≈#...##.##..##..§


You could see a frost giant (empowered, ally target) and a friendly iron troll
(summoned, berserk).

Vanquished Creatures
  A golden dragon (D)
  An electric golem (D)
  A deep elf master archer (D)
  A sphinx (D)
  Gastronok (D)
  Kirke (D)
  Nessos (D)
  A dire elephant (D)
  A crystal guardian (D)
  A deep elf high priest (D)
  A great orb of eyes (D)
  A yaktaur captain (D)
  An ice dragon (D)
  A centaur warrior (D)
  An iron elemental (D)
  2 hell hogs (D)
  2 death drakes (D)
  3 sixfirhies (D)
  A skeletal warrior (D)
  A deep troll (D)
  3 orc sorcerers (D)
  An elephant (D)
  A toenail golem (D)
  An unseen horror (D)
  A yaktaur (D)
  A kobold demonologist (D)
  2 polar bears (D)
  12 flying skulls (D)
  4 wyverns (D)
  3 yaks (D)
  2 redbacks (D)
  Menkaure (D)
  4 water moccasins (D)
  2 swamp drakes (D)
  3 black bears (D)
  2 earth elementals (D)
  4 necrophages (D)
  4 scorpions (D)
  A jelly (D)
  A hell rat (D)
  3 worms (D)
  A spectral bat (D)
  A spectral ball python (D)
  3 tentacles (D)
85 creatures vanquished.

Vanquished Creatures (collateral kills)
  A kraken (D)
  A sphinx (D)
  A storm dragon (D)
  A cacodemon (D)
  An iron golem (D)
  A deep troll (D)
  A polar bear (D)
  A hornet (D)
  A tentacle (D)
9 creatures vanquished.

Vanquished Creatures (others)
  A bone dragon (D)
  An unseen horror (D)
  5 tentacles (D)
7 creatures vanquished.

Grand Total: 101 creatures vanquished

Notes
Turn   | Place    | Note
-------+----------+-------------------------------------------
     0 | D        | mhtbhm the Gargoyle Berserker began the quest for the Orb.
     0 | D        | Reached XP level 1. HP: 14/14 MP: 1/1
     1 | D        | Noticed a scorpion
     1 | D        | Noticed a scorpion
     1 | D        | Noticed a scorpion
     1 | D        | Noticed a scorpion
     7 | D        | Killed a scorpion
     8 | D        | Reached skill level 5 in Maces & Flails
     8 | D        | Reached XP level 2. HP: 22/22 MP: 2/2
     8 | D        | Reached XP level 3. HP: 27/27 MP: 3/3
     8 | D        | Reached XP level 4. HP: 32/32 MP: 4/4
    14 | D        | Killed a scorpion
    15 | D        | Reached XP level 5. HP: 38/38 MP: 5/5
    20 | D        | Reached ** piety under Trog
    25 | D        | Reached XP level 6. HP: 34/45 MP: 6/6
    84 | D        | Noticed a wyvern
    84 | D        | Noticed a wyvern
    89 | D        | Killed a wyvern
    90 | D        | Reached skill level 5 in Armour
    94 | D        | Killed a wyvern
    95 | D        | Reached skill level 10 in Fighting
    95 | D        | Reached skill level 10 in Maces & Flails
    95 | D        | Reached XP level 7. HP: 53/53 MP: 7/7
   192 | D        | Reached *** piety under Trog
   334 | D        | Reached **** piety under Trog
   428 | D        | Found Vyidd's Magic Scroll Shop.
   428 | D        | Found Yturch's Distillery.
   428 | D        | Found Iniacaba's Distillery.
   428 | D        | Found Goisa's Antique Weapon Boutique.
   428 | D        | Found Akiox's Magic Scroll Shop.
   428 | D        | Found Oresh's Antique Armour Shop.
   428 | D        | Found Onenemif's Jewellery Boutique.
   429 | D        | Found Lucegoj's Antique Armour Shop.
   429 | D        | Found Noph's Book Boutique.
   429 | D        | Found Ogrul's Book Boutique.
   430 | D        | Found Bejyalev's Jewellery Shop.
   431 | D        | Found Luagotz's Magic Scroll Boutique.
   431 | D        | Found Pyneluwn's Weapon Shop.
   431 | D        | Noticed Menkaure
   431 | D        | Noticed a slime creature
   431 | D        | Noticed a slime creature
   431 | D        | Noticed a slime creature
   431 | D        | Noticed an oklob plant
   432 | D        | Found Lyhudaud's Book Boutique.
   432 | D        | Found Anijaho's Book Shoppe.
   443 | D        | Killed Menkaure
   444 | D        | Reached skill level 5 in Dodging
   444 | D        | Reached XP level 8. HP: 60/60 MP: 8/8
   532 | D        | Noticed a fire dragon
   535 | D        | Bought a pair of faintly humming gloves for 199 gold pieces
   535 | D        | Identified the +0 pair of gloves "Sujaj" {Dex+5} (You
                  | bought it in a shop in the Dungeon)
   546 | D        | Bought a faintly glowing scale mail for 189 gold pieces
   546 | D        | Identified the +5 scale mail "Caotseox" {Int+7} (You bought
                  | it in a shop in the Dungeon)
   557 | D        | Bought an amulet of faith for 480 gold pieces
   566 | D        | Noticed a polar bear
   570 | D        | Bought a potion of curing for 42 gold pieces
   592 | D        | Found an iron altar of Okawaru.
   592 | D        | Found a radiant altar of Vehumet.
   600 | D        | Reached ***** piety under Trog
   605 | D        | Found a sparkling altar of Nemelex Xobeh.
   605 | D        | Found a hide-covered altar of Uskayaw.
   605 | D        | Found a glowing silver altar of Zin.
   606 | D        | Found an opulent altar of Gozag.
   606 | D        | Found a burning altar of Makhleb.
   606 | D        | Found a bloodstained altar of Trog.
   607 | D        | Found a blossoming altar of Fedhas.
   607 | D        | Found a corrupted altar of Lugonu.
   607 | D        | Found a basalt altar of Yredelemnul.
   607 | D        | Found a shimmering blue altar of Sif Muna.
   608 | D        | Found a white marble altar of Elyvilon.
   608 | D        | Found an ancient bone altar of Kikubaaqudgha.
   609 | D        | Found a shadowy altar of Dithmenos.
   609 | D        | Found a viscous altar of Jiyva.
   610 | D        | Found a snail-covered altar of Cheibriados.
   676 | D        | Noticed a yaktaur
   676 | D        | Noticed a hornet
   676 | D        | Noticed a polar bear
   676 | D        | Noticed a polar bear
   685 | D        | Killed a polar bear
   686 | D        | Noticed a polar bear
   696 | D        | Killed a polar bear
   703 | D        | Killed a hornet
   711 | D        | Killed a polar bear
   712 | D        | Reached XP level 9. HP: 35/66 MP: 9/9
   713 | D        | Killed a yaktaur
   862 | D        | Noticed a kraken
  1023 | D        | Killed a kraken
  1024 | D        | Reached skill level 1 in Stealth
  1201 | D        | Found a hazy altar of Hepliaklqana.
  1201 | D        | Found a sacrificial altar of Ru.
  1201 | D        | Found a shimmering altar of Xom.
  1216 | D        | Reached XP level 10. HP: 70/73 MP: 10/10
  1224 | D        | Reached skill level 15 in Maces & Flails
  1224 | D        | Found a stormy altar of Qazlal.
  1224 | D        | Found an ornate altar of the Wu Jian Council.
  1238 | D        | Noticed a deep troll
  1238 | D        | Noticed a deep troll
  1251 | D        | Killed a deep troll
  1264 | D        | Killed a deep troll
  1265 | D        | Reached skill level 10 in Armour
  1269 | D        | Noticed a sphinx
  1269 | D        | Noticed a sphinx
  1271 | D        | Killed a sphinx
  1275 | D        | Killed a sphinx
  1276 | D        | Reached XP level 11. HP: 25/80 MP: 11/11
  1481 | D        | Found a glowing golden altar of the Shining One.
  1502 | D        | Received a gift from Trog
  1526 | D        | Reached ****** piety under Trog
  1527 | D        | Reached skill level 15 in Fighting
  1540 | D        | Received a gift from Trog
  1541 | D        | Reached skill level 10 in Dodging
  1600 | D        | Noticed a sixfirhy
  1603 | D        | Noticed a sixfirhy
  1607 | D        | Noticed a sixfirhy
  1615 | D        | Found Seseg's Book Shoppe.
  1616 | D        | Found Mokudwara's Book Boutique.
  1618 | D        | Identified the amulet "Taotuuq" {RegenMP rF+ Str+2}
  1643 | D        | Found the +3 giant club "Skullcrusher" {speed, Str+7}
  1721 | D        | Killed a sixfirhy
  1730 | D        | Killed a sixfirhy
  1730 | D        | Received a gift from Trog
  1738 | D        | Killed a sixfirhy
  1759 | D        | Noticed Gastronok
  1770 | D        | Killed Gastronok
  1882 | D        | Noticed a dire elephant
  1882 | D        | Noticed an orc sorcerer
  1882 | D        | Noticed an orc sorcerer
  1882 | D        | Noticed an orc sorcerer
  1887 | D        | Killed a dire elephant
  1887 | D        | Received a gift from Trog
  1893 | D        | Killed an orc sorcerer
  1894 | D        | Killed an orc sorcerer
  1897 | D        | Killed an orc sorcerer
  1897 | D        | Received a gift from Trog
  1898 | D        | Reached XP level 12. HP: 90/90 MP: 4/12
  1934 | D        | Identified the +3 war axe of Xom's Scorn {drain, rElec rN+}
  1979 | D        | Identified the +1 plate armour of Daffodils {Int+2}
  1991 | D        | Identified the +0 leather armour of Seanlia {Harm rPois
                  | Str+3 Int-5}
  2043 | D        | Found Evogh's Assorted Antiques.
  2046 | D        | Found Qentaukhlio's General Store.
  2047 | D        | Noticed Nessos
  2065 | D        | Killed Nessos
  2382 | D        | Bought a runed bronze wand for 76 gold pieces
  2382 | D        | Bought a scroll labelled APEIN BIOH for 19 gold pieces
  2382 | D        | Bought a scroll labelled EVVETE GUPSUSK for 19 gold pieces
  2382 | D        | Bought a scroll labelled NAHOKI NOFYACW for 19 gold pieces
  2382 | D        | Bought a potion of curing for 57 gold pieces
  2383 | D        | Identified the +1 hat of Midnight {Regen+ Int+3}
  2386 | D        | Bought a potion of heal wounds for 60 gold pieces
  2543 | D        | Noticed a crystal guardian
  2563 | D        | Reached skill level 1 in Evocations
  2582 | D        | Killed a crystal guardian
  2590 | D        | Identified the +4 broad axe of Igawk {flame, rC+} (Trog
                  | gifted it to you in the Dungeon)
  2590 | D        | Received a gift from Trog
  2637 | D        | Noticed an iron elemental
  2657 | D        | Killed an iron elemental
  2748 | D        | Noticed an ice dragon
  2758 | D        | Killed an ice dragon
  2970 | D        | Noticed a deep elf master archer
  3008 | D        | Noticed a great orb of eyes
  3020 | D        | Killed a great orb of eyes
  3124 | D        | Killed a deep elf master archer
  3164 | D        | Noticed a hell hog
  3164 | D        | Noticed a hell hog
  3167 | D        | Received a gift from Trog
  3173 | D        | Killed a hell hog
  3182 | D        | Received a gift from Trog
  3187 | D        | Killed a hell hog
  3307 | D        | Noticed an electric golem
  3320 | D        | Killed an electric golem
  3320 | D        | Received a gift from Trog
  3328 | D        | Reached XP level 13. HP: 100/100 MP: 13/13
  3337 | D        | Noticed an iron golem
  3362 | D        | Killed an iron golem
  3477 | D        | Bought a scroll of enchant weapon for 90 gold pieces
  3477 | D        | Bought a scroll of identify for 24 gold pieces
  3483 | D        | Bought a scroll of blinking for 105 gold pieces
  3483 | D        | Bought a scroll of identify for 28 gold pieces
  3483 | D        | Bought a scroll of identify for 28 gold pieces
  3483 | D        | Bought a scroll of poison for 49 gold pieces
  3485 | D        | Identified 2 scrolls of acquirement
  3487 | D        | Acquired 1099 gold pieces
  3497 | D        | Acquired the +4 pair of boots "Unlair" {rC- rN+++ Regen+
                  | Int+4}
  3525 | D        | Bought a potion of heal wounds for 70 gold pieces
  3531 | D        | Bought a scroll of enchant weapon for 90 gold pieces
  3531 | D        | Bought a scroll of blinking for 90 gold pieces
  3531 | D        | Bought a scroll of enchant weapon for 90 gold pieces
  3531 | D        | Bought a scroll of brand weapon for 240 gold pieces
  3531 | D        | Bought a scroll of enchant weapon for 90 gold pieces
  3531 | D        | Bought a scroll of blinking for 90 gold pieces
  3570 | D        | Noticed Kirke
  3570 | D        | Noticed a golden dragon
  3570 | D        | Noticed a yaktaur captain
  3571 | D        | Noticed a bone dragon
  3571 | D        | Noticed a cacodemon
  3572 | D        | Noticed a storm dragon
  3574 | D        | Noticed a frost giant
  3575 | D        | Received a gift from Trog
  3575 | D        | Killed a yaktaur captain
  3576 | D        | Reached skill level 5 in Stealth
  3577 | D        | Noticed a deep elf high priest
  3579 | D        | Killed Kirke
  3579 | D        | Received a gift from Trog
  3585 | D        | Killed a golden dragon
  3601 | D        | Killed a bone dragon
  3607 | D        | Killed a storm dragon
  3610 | D        | Killed a deep elf high priest
  3610 | D        | Gained mutation: You are frail. (-10% HP) [a cacodemon]
  3611 | D        | Gained mutation: Your body sometimes deteriorates upon
                  | taking damage. [a cacodemon]
  3612 | D        | Killed a cacodemon
  3613 | D        | Reached skill level 15 in Armour
  3613 | D        | Killed from afar by a frost giant

Illustrated notes

Levels and vault maps discovered:
D:        the_violet_keep_of_menkaure [sprint2_stairs_cluster_1,
          sprint2_shoproom, sprint2_temple, sprint2_basic_supplies,
          sprint2_obstacle_5, sprint2_obstacle_1, sprint2_obstacle_3,
          sprint2_obstacle_6, sprint2_obstacle_4, sprint2_timed_cluster_1,
          sprint2_smallroom_cluster_1, sprint2_smallroom_final_cluster_1,
          sprint2_transparent_cluster_1, sprint2_second_timed_cluster_1,
          sprint2_sniper_area_1, sprint2_heavy_combat_area_1,
          sprint2_mutation_trap_area_1, sprint2_forest_area_1,
          sprint2_light_combat_area_1, sprint2_behind_water_1,
          sprint2_near_end_vault_1]

Skill      XL: |  1  2  3  4  5  6  7  8  9 10 11 12 13 |
---------------+----------------------------------------+-----
Fighting       | 6 7 8 10 11 12 13 14 16 19 21 | 21.3
Maces & Flails | 5 6 8 10 11 13 14 16 18 20 21 | 21.6
Armour         | 3 4 5 6 8 11 13 14 15 | 15.0
Dodging        | 2 3 4 5 6 8 9 10 12 13 | 13.2
Stealth        | 1 2 3 4 6 |  6.6
Evocations     | 2 4 |  4.8

Action                   |  1- 3 |  4- 6 |  7- 9 | 10-12 | 13-15 || total
-------------------------+-------+-------+-------+-------+-------++-------
Melee: Mace              |     5 |    26 |   144 |    75 |       ||   250
       Punch             |       |     1 |     4 |     2 |       ||     7
       Great mace        |       |       |       |    72 |       ||    72
       Dire flail        |       |       |       |   131 |    39 ||   170
Invok: Berserk           |     1 |     1 |     3 |     8 |     1 ||    14
       Brothers in Arms  |       |       |     2 |     1 |     4 ||     7
Evoke: Lightning rod     |       |       |       |     3 |    12 ||    15
       Phantom mirror    |       |       |       |     1 |     1 ||     2
  Use: Potion            |       |       |     2 |     8 |     3 ||    13
       Scroll            |       |       |     1 |     7 |    12 ||    20
 Stab: Sleeping          |       |       |       |     1 |       ||     1
       Distracted        |       |       |       |     1 |     1 ||     2
Armor: Animal skin       |       |     6 |    17 |       |       ||    23
       Scale mail        |       |       |    48 |    96 |    26 ||   170
Dodge: Dodged            |     3 |    13 |   102 |   219 |    33 ||   370

Table legend: (Time is in decaauts)
 A = Elapsed time spent in this place.
 B = Non-inter-level travel time spent in this place.
 C = Inter-level travel time spent in this place.
 D = Time resting spent in this place.
 E = Time spent auto-exploring this place.
 F = Levels seen in this place.
 G = Mean time per level.
                   A        B        C        D        E       F      G
               +--------+--------+--------+--------+--------+-----+--------+
         Total |   3680 |   3648 |     32 |   2060 |      0 |   1 | 3680.0 |
       Dungeon |   3680 |   3648 |     32 |   2060 |      0 |   1 | 3680.0 |
               +--------+--------+--------+--------+--------+-----+--------+

Top non-repeatable levels by time:
       D: 3680 daAuts
